 Dungeon Crawl Stone Soup version 0.30-a0-965-g42e074c17a (webtiles) character file.

Game seed: 8806640288964976505

1719 coolguy69 the Ruffian (level 8, -8/74 (80) HPs)
             Began as a Troll Monk on Mar 31, 2023.
             Was a Believer of Makhleb.
             Mangled by an ice beast (10 damage)
             ... on level 6 of the Dungeon.
             The game lasted 00:04:52 (3725 turns).

coolguy69 the Ruffian (Troll Monk)                  Turns: 3725, Time: 00:04:53

HP:   -8/74 (80)    AC:  5    Str: 22    XL:     8   Next: 75%
MP:   16/16         EV: 11    Int:  6    God:    Makhleb [**....]
Gold: 295           SH:  0    Dex: 12    Spells: 7/7 levels left

rFire   . . .      SeeInvis .      - Unarmed
rCold   . . .      Faith    .    (no shield)
rNeg    . . .      Spirit   .    a - +0 robe
rPois   .          Reflect  .    k - +1 hat
rElec   .          Rampage  .    (no cloak)
rCorr   .                        (gloves unavailable)
Will    .....                    (boots unavailable)
Stlth   ++                       (no amulet)
HPRegen 1.12/turn                p - ring of magical power
MPRegen 0.15/turn                (no ring)

@: flying, hasted, drained, very quick
A: large, unfitting armour, claws 3, regeneration 1, shaggy fur 1, tough skin 1
a: Renounce Religion, Minor Destruction


You were on level 6 of the Dungeon.
You worshipped Makhleb.
Makhleb was pleased with you.
You visited 2 branches of the dungeon, and saw 7 of its levels.

You collected 295 gold pieces.

Inventory:

Armour
 a - a +0 robe (worn)
 k - a +1 hat (worn)
Jewellery
 p - a ring of magical power (left claw)
 r - a ring of resist corrosion
 s - a +6 ring of intelligence
 v - a ring of see invisible
Scrolls
 d - a scroll of fear {unknown}
 h - a scroll of blinking {unknown}
 i - 2 scrolls of teleportation {unknown}
 j - a scroll of brand weapon {unknown}
 l - 2 scrolls of magic mapping {unknown}
 m - 5 scrolls of identify {unknown}
 q - a scroll of enchant weapon {unknown}
 t - a scroll of fog {unknown}
Potions
 b - a potion of ambrosia
 c - 2 potions of berserk rage {unknown}
 e - 2 potions of mutation {unknown}
 g - 2 potions of lignification {unknown}
 n - 2 potions of curing {unknown}
 o - a potion of haste


   Skills:
 + Level 5.2 Fighting
 + Level 5.2 Dodging
 + Level 3.6 Stealth
 + Level 6.3 Unarmed Combat


You had 7 spell levels left.
You didn't know any spells.
Your spell library contained the following spells:

 Spells                   Type           Power      Damage    Failure   Level
 Sublimation of Blood     Necr           0%         N/A       58%         2
 Wereblood                Tmut           0%         N/A       58%         2
 Summon Hydra             Summ           0%         N/A       100%        7


Dungeon Overview and Level Annotations

Branches:
Dungeon (6/15)             Temple (1/1) D:5

Altars:
Ashenzari
Cheibriados
Elyvilon
Hepliaklqana
Makhleb
Nemelex Xobeh
Qazlal
Sif Muna
Wu Jian
Zin
The Shining One

Shops:
D:1 [   D:4 [   D:5 =


Innate Abilities, Weirdness & Mutations

You are too large for most types of armour.
You have claws for hands.
Your natural rate of healing is unusually fast.
You are covered in fur. (AC +1)
You have tough skin. (AC +1)


Message History

You destroy the wight!
Makhleb accepts your kill.
You feel better.
The wight hits you from afar with a +0 spear.
You feel drained.
You claw the wight! Your claw misses the wight.
The wight is heavily damaged.
The wight hits you from afar with a +0 spear.
The wight hits you with a +2 great sword!
You claw the wight!
The wight is almost destroyed.
You completely miss the wight.
The wight is almost destroyed.
The wight hits you from afar with a +0 spear.
* * * LOW HITPOINT WARNING * * *
The wight hits you with a +2 great sword.
* * * LOW HITPOINT WARNING * * *
You feel drained.
* * * LOW HITPOINT WARNING * * *
You closely miss the wight.
The wight is almost destroyed.
Unknown command.
You claw the wight!
You destroy the wight!
Makhleb accepts your kill.
You feel better.
The wight hits you from afar with a +0 spear!
* * * LOW HITPOINT WARNING * * *
You feel drained.
* * * LOW HITPOINT WARNING * * *
You claw the ice beast!
The ice beast is heavily wounded.
The wight hits you from afar with a +0 spear.
* * * LOW HITPOINT WARNING * * *
You feel drained.
* * * LOW HITPOINT WARNING * * *
The ice beast hits you.
* * * LOW HITPOINT WARNING * * *
The ice beast freezes you!
You die...

.##.....................#...
?.....†.................##..
####..###.#............).##.
#.###....................
#...........#........#....
#(...####)#..........#....
..#.. #.z.#........#....
#... #Y#............... #.#
#@######.......... #.
#..........##...####...
.................. #...
.#............... .....
###.........## ###...
..#######.[. ###. ... .##
<..# #


You could see an ice beast and a wight.

Vanquished Creatures
  Maggie (D:6)
  The ghost of demibob the Slasher, an amateur DsBe of Trog (D:3)
  An ice beast (D:6)
  2 black bears
  A sky beast (D:6)
  2 ogres
  A centaur (D:6)
  A scorpion (D:4)
  2 wights (D:6)
  A howler monkey (D:6)
  2 hounds (D:6)
  2 jellies
  2 orc priests (D:5)
  An iguana (D:5)
  2 sleepcaps (D:5)
  3 orc wizards (D:5)
  Robin (D:2)
  6 adders
  A gnoll (D:3)
  A white imp (D:6)
  3 worms
  A dart slug (D:4)
  17 orcs
  6 ball pythons
  2 bats
  6 endoplasms
  4 giant cockroaches
  13 goblins
  11 hobgoblins
  3 jackals (D:1)
  7 quokkas
  A frilled lizard (D:1)
  9 kobolds
  7 rats
124 creatures vanquished.

Notes
Turn   | Place    | Note
-------+----------+-------------------------------------------
     0 | D:1      | coolguy69 the Troll Monk began the quest for the Orb.
     0 | D:1      | Reached XP level 1. HP: 22/22 MP: 0/0
   100 | D:1      | Reached XP level 2. HP: 29/29 MP: 1/1
   184 | D:1      | Found Cuczecue's Antique Armour Emporium.
   223 | D:1      | Reached XP level 3. HP: 36/36 MP: 2/2
   597 | D:2      | Noticed Robin
   627 | D:2      | Killed Robin
   791 | D:2      | Reached XP level 4. HP: 40/44 MP: 3/3
  1095 | D:2      | Found a faded altar of an unknown god.
  1411 | D:3      | Found a stormy altar of Qazlal.
  1440 | D:3      | Found a white marble altar of Elyvilon.
  1585 | D:3      | Found a runed translucent door.
  1585 | D:3      | Noticed demibob's ghost (amateur DsBe)
  1614 | D:3      | Noticed an ogre
  1622 | D:3      | Killed an ogre
  1623 | D:3      | Reached skill level 4 in Unarmed Combat
  1623 | D:3      | Reached XP level 5. HP: 11/53 MP: 4/4
  2251 | D:3      | Killed demibob's ghost
  2252 | D:3      | Reached XP level 6. HP: 48/61 MP: 5/5
  2373 | D:4      | Found Oniewnio's Armour Shop.
  2417 | D:4      | Reached XP level 7. HP: 68/68 MP: 6/6
  2682 | D:5      | Entered Level 5 of the Dungeon
  2975 | D:5      | Identified the +6 mace "Zeaprall" {venom, Will+ rCorr Str+3
                  | Dex+4}
  2983 | D:5      | Found a staircase to the Ecumenical Temple.
  2996 | Temple   | Entered the Ecumenical Temple
  3014 | Temple   | Became a worshipper of Makhleb the Destroyer
  3014 | Temple   | Reached * piety under Makhleb
  3014 | Temple   | Reached ** piety under Makhleb
  3185 | D:5      | Found Uluo's Jewellery Shop.
  3199 | D:5      | Reached skill level 5 in Unarmed Combat
  3676 | D:6      | Reached XP level 8. HP: 65/79 MP: 7/7
  3685 | D:6      | Noticed Maggie
  3704 | D:6      | Killed Maggie
  3705 | D:6      | Reached skill level 5 in Fighting
  3705 | D:6      | Reached skill level 5 in Dodging
  3705 | D:6      | Reached skill level 6 in Unarmed Combat
  3725 | D:6      | HP: 2/74 [ice beast (2)]
  3725 | D:6      | Mangled by an ice beast

Illustrated notes

Levels and vault maps discovered:
D:1:      dpeg_arrival_brainrot, layout_rooms, serial_shops, shop
D:2:      layout_loops_ring, shapermc_ecumenical_altar_ellora, uniq_robin
D:3:      minmay_chambers_of_threes, layout_basic, elyvilon_altar_4,
          mainiacjoe_overflow_tiny_flanked, hellmonk_ghost_happy_afterlife
D:4:      layout_basic, serial_shops, nicolae_shop_statue_plus,
          nicolae_shop_waterfront, shop, shop_fountains, uniq_blork_the_orc
D:5:      layout_loops_ring, minmay_temple_entry_stoned_glass,
          nicolae_inconvenience_store
D:6:      layout_rooms, uniq_maggie
Temple:   nicolae_temple_bog_church

Skill      XL: |  1  2  3  4  5  6  7  8 |
---------------+-------------------------+-----
Dodging        | 3 4 5 |  5.2
Fighting       | 3 4 5 |  5.2
Stealth        | 2 3 |  3.6
Unarmed Combat | 4 5 6 |  6.3

Action                     |  1- 3 |  4- 6 |  7- 9 || total
---------------------------+-------+-------+-------++-------
  Melee: Unarmed           |   101 |   134 |   166 ||   401
         Punch             |     5 |     1 |     8 ||    14
    Use: Potion            |       |     1 |     3 ||     4
   Stab: Sleeping          |       |     2 |     1 ||     3
 Armour: Robe              |    18 |    47 |    39 ||   104
  Dodge: Dodged            |    54 |    63 |    86 ||   203

Table legend: (Time is in decaauts)
 A = Elapsed time spent in this place.
 B = Non-inter-level travel time spent in this place.
 C = Inter-level travel time spent in this place.
 D = Time resting spent in this place.
 E = Time spent auto-exploring this place.
 F = Levels seen in this place.
 G = Mean time per level.
                   A        B        C        D        E       F      G
               +--------+--------+--------+--------+--------+-----+--------+
         Total |   3683 |   3512 |    171 |    234 |   2502 |   7 |  526.1 |
       Dungeon |   3651 |   3494 |    157 |    234 |   2499 |   6 |  608.5 |
        Temple |     31 |     18 |     13 |      0 |      3 |   1 |   31.0 |
               +--------+--------+--------+--------+--------+-----+--------+

Top non-repeatable levels by time:
     D:5: 867 daAuts
     D:3: 859 daAuts
     D:2: 811 daAuts
     D:1: 587 daAuts
     D:4: 406 daAuts
     D:6: 119 daAuts
  Temple: 31 daAuts
